 Dungeon Crawl Stone Soup version 0.30-a0-121-gb27577e5d9 (webtiles) character file.

Game seed: 10410944279965597606

41 Dreamer the Insei (level 3, 0/23 HPs)
             Began as an Octopode Transmuter on Sept 14, 2022.
             Succumbed to an adder's poison
             ... on level 2 of the Dungeon.
             The game lasted 00:03:53 (2074 turns).

Dreamer the Insei (Octopode Transmuter)             Turns: 2074, Time: 00:03:54

Health: 0/23       AC:  1    Str:  9    XL:     3   Next: 52%
Magic:  7/7        EV: 13    Int: 17    God:
Gold:   81         SH:  0    Dex: 12    Spells: 3/7 levels left

rFire   . . .      SeeInvis .      - Unarmed
rCold   . . .      Faith    .    (no shield)
rNeg    . . .      Spirit   .    (helmet currently unavailable)
rPois   .          Reflect  .    (no amulet)
rElec   .          Harm     .    (no ring)
rCorr   .          Rampage  .    (no ring)
Will    .....                    (no ring)
Stlth   ++........               (no ring)
HPRegen 0.07/turn                (no ring)
MPRegen 0.10/turn                (no ring)
                                 (no ring)
                                 (no ring)

@: lethally poisoned (0 -> -13), appendages (expiring)
A: tentacle spike 3, almost no armour, amphibious, 8 rings, camouflage 1,
gelatinous body 1, (nimble swimmer 1), tentacles
a: End Transformation


You were on level 2 of the Dungeon.
One of your tentacles had grown a beastly spike.
You visited 1 branch of the dungeon, and saw 2 of its levels.

You collected 81 gold pieces.

Inventory:

Jewellery
 c - a +6 ring of intelligence
Scrolls
 b - a scroll of fear {unknown}
 f - a scroll of enchant weapon {unknown}
Potions
 a - a potion of lignification
 d - 2 potions of haste {unknown}
 e - 2 potions of ambrosia {unknown}
 g - a potion of flight {unknown}
 h - a potion of attraction {unknown}


   Skills:
 - Level 1.0 Fighting
 - Level 2.0 Dodging
 - Level 3.0 Unarmed Combat
 + Level 2.9 Spellcasting
 + Level 3.0 Transmutations


You had 3 spell levels left.
You knew the following spells:

 Your Spells              Type           Power      Damage    Failure   Level
a - Beastly Appendage     Tmut           24%        N/A       4%          1
b - Spider Form           Tmut/Pois      7%         N/A       28%         3

Your spell library contained the following spells:

 Spells                   Type           Power      Damage    Failure   Level
 Wereblood                Tmut           12%        N/A       8%          2
 Ice Form                 Ice/Tmut       7%         N/A       67%         4


Dungeon Overview and Level Annotations

Branches:
Dungeon (2/15)

Altars:


Innate Abilities, Weirdness & Mutations

One of your tentacles has grown a beastly spike.
You cannot wear most types of armour.
You are amphibious.
You can wear up to eight rings at the same time.
Your skin changes colour to match your surroundings (Stealth+).
Your rubbery body absorbs attacks. (AC +1, EV +1)
((You are camouflaged when in or above water. (Stealth+)))
You have tentacles for arms and can constrict up to eight enemies at once.


Message History

The adder bites you.
You are poisoned.
The adder poisons you! The adder barely misses you.
You closely miss the adder. Your grab misses the adder.
The adder is lightly wounded.
You feel sick. The adder misses you.
You closely miss the adder. Your grab misses the adder.
The adder is lightly wounded.
You feel sick. The adder barely misses you.
You miss the adder. Your grab misses the adder.
You pierce the adder, but do no damage.
The adder is lightly wounded.
You feel sick. The adder bites you.
You tentacle-slap the adder but do no damage.
Your grab misses the adder.
The adder is lightly wounded.
You feel sick. The adder bites you but does no damage. The adder bites you.
You are more poisoned.
The adder poisons you!
You tentacle-slap the adder. Your grab misses the adder.
Your squeeze misses the adder.
The adder is moderately wounded.
You feel sick. The adder bites you.
You tentacle-slap the adder but do no damage.
Your grab misses the adder. Your squeeze misses the adder.
The adder is moderately wounded.
You feel sick. The adder misses you.
You miss the adder. You grab the adder.
You pierce the adder.
Your tentacle-slap misses the adder.
The adder is heavily wounded.
You constrict the adder.
* * * LOW HITPOINT WARNING * * *
You feel sick. The adder bites you.
* * * LOW HITPOINT WARNING * * *
You are more poisoned.
The adder poisons you!
You tentacle-slap the adder.
You kill the adder!
Your transformation is almost over.
You die...

#......... #.
.#......... #.
........... #.
........... #.#
#.......... ### ..
#.......... ...#.
#.#.#..#.#.
#.###..#######.#.#.#....
......†@...........#...#
......#######.##..#..#..
..... #.###.#.#### ....
..# #.#.#... ...
#.####.#.#.## .. #.
#.......# . .....#...###
....###...# ... #...#


There were no monsters in sight!

Vanquished Creatures
  2 adders (D:2)
  A dart slug (D:1)
  A ball python (D:1)
  3 endoplasms
  A giant cockroach (D:2)
  2 hobgoblins (D:1)
  7 jackals
  2 kobolds
  A quokka (D:1)
  4 bats
  A frilled lizard (D:1)
  2 rats (D:1)
27 creatures vanquished.

Notes
Turn   | Place    | Note
-------+----------+-------------------------------------------
     0 | D:1      | Dreamer the Octopode Transmuter began the quest for the
                  | Orb.
     0 | D:1      | Reached XP level 1. HP: 13/13 MP: 3/3
   209 | D:1      | Reached XP level 2. HP: 14/18 MP: 3/5
  1154 | D:1      | Found a faded altar of an unknown god.
  1490 | D:2      | Reached XP level 3. HP: 15/23 MP: 5/7
  1822 | D:2      | Learned a level 3 spell: Spider Form
  2074 | D:2      | Succumbed to an adder's poison

Illustrated notes

Levels and vault maps discovered:
D:1:      dpeg_arrival_three_same_balls, layout_loops_corners,
          chequers_ecumenical_altar_lobes
D:2:      layout_rooms

Skill      XL: |  1  2  3 |
---------------+----------+-----
Transmutations | 3 |  3.0
Fighting       | |  1.0
Dodging        | |  2.0
Unarmed Combat | |  3.0
Spellcasting   | |  2.9

Action                   || total
-------------------------++-------
Melee: Unarmed           ||    77
       Constrict         ||    18
       Tentacles         ||    13
       Kick              ||     7
       Punch             ||     3
 Cast: Beastly Appendage ||     7
 Stab: Sleeping          ||     4
Armor: Skin              ||     6
Dodge: Dodged            ||    41

Table legend: (Time is in decaauts)
 A = Elapsed time spent in this place.
 B = Non-inter-level travel time spent in this place.
 C = Inter-level travel time spent in this place.
 D = Time resting spent in this place.
 E = Time spent auto-exploring this place.
 F = Levels seen in this place.
 G = Mean time per level.
                   A        B        C        D        E       F      G
               +--------+--------+--------+--------+--------+-----+--------+
         Total |   2070 |   2004 |     66 |    304 |   1432 |   2 | 1035.0 |
       Dungeon |   2070 |   2004 |     66 |    304 |   1432 |   2 | 1035.0 |
               +--------+--------+--------+--------+--------+-----+--------+

Top non-repeatable levels by time:
     D:1: 1724 daAuts
     D:2: 346 daAuts
